 Dungeon Crawl Stone Soup version 0.27-a0-215-g68775813e2 (webtiles) character file.

Game seed: 16822927934367203848

125379 GordonOverkill the Warrior (level 16, 0/188 HPs)
             Began as an Ogre Delver on Jan 31, 2021.
             Was a High Priest of Okawaru.
             Slain by a salamander
             ... wielding a cursed -2 halberd
              (4 damage)
             ... on level 1 of the Snake Pit.
             The game lasted 01:18:21 (40628 turns).

GordonOverkill the Warrior (Ogre Delver)           Turns: 40628, Time: 01:18:22

Health: 0/188      AC: 16    Str: 22    XL:     16   Next: 95%
Magic:  14/22      EV: 10    Int: 11    God:    Okawaru [*****.]
Gold:   206        SH:  5    Dex: 10    Spells: 15/15 levels left

rFire    + + .     SeeInvis .   D - +3 giant spiked club (spect)
rCold    . . .     Faith    .   (shield currently unavailable)
rNeg     + . .     Spirit   .   i - +0 troll leather armour
rPois    +         Reflect  +   P - +1 hat
rElec    .         Harm     .   R - +2 cloak
rCorr    .         Rampage  .   (gloves unavailable)
Will     +....                  (boots unavailable)
Stlth    ++++......             u - amulet of reflection
HPRegen  0.81/turn              Y - ring "Acout" {rPois rF++ rN+ Str-3 Stlth+}
MPRegen  0.18/turn              V - +4 ring of protection

@: lethally poisoned (0 -> 0), heroism, constricted
A: large, unfitting armour, tough skin 1
a: Renounce Religion, Heroism, Finesse


You were on level 1 of the Snake Pit.
You worshipped Okawaru.
Okawaru was extremely pleased with you.
You visited 5 branches of the dungeon, and saw 26 of its levels.
You also visited: Ice Cave.

You collected 2545 gold pieces.
You spent 2339 gold pieces at shops.

Inventory:

Hand Weapons
 a - a +2 antimagic great mace
 D - a +3 spectral giant spiked club (weapon)
 L - a +5 giant spiked club of venom
Missiles
 e - 10 boomerangs
 q - a throwing net
 r - 62 poisoned darts
 C - 20 curare-tipped darts
 F - 30 large rocks (quivered)
 W - 18 javelins
Armour
 i - a +0 troll leather armour (worn)
 P - a +1 hat (worn)
 R - a +2 cloak (worn)
Jewellery
 j - an uncursed ring of fire
 p - an uncursed amulet of faith
 u - an amulet of reflection (around neck)
 w - an uncursed ring of ice
 B - an uncursed ring of resist corrosion
 I - an uncursed ring of protection from fire
 J - an uncursed ring of ice
 V - a +4 ring of protection (right hand)
 Y - the ring "Acout" (left hand) {rPois rF++ rN+ Str-3 Stlth+}
   (You acquired it on level 2 of the Swamp)

   [ring of stealth]

   It affects your strength (-3).
   It greatly protects you from fire.
   It protects you from poison.
   It protects you from negative energy.
   It makes you more stealthy.
Wands
 g - a wand of digging (25)
 m - a wand of flame (31)
 K - a wand of paralysis (11)
 M - a wand of random effects (12)
 T - a wand of charming (22)
 U - a wand of iceblast (24)
 X - a wand of acid (10)
Scrolls
 c - 6 scrolls of fog
 d - 6 scrolls of magic mapping
 f - 7 scrolls of identify
 h - 4 scrolls of teleportation
 o - 10 scrolls of remove curse
 t - 2 scrolls of silence
 G - 3 scrolls of immolation
 Q - a scroll of holy word
Potions
 b - 3 potions of brilliance
 n - 7 potions of mutation
 s - a potion of cancellation
 v - 4 potions of heal wounds
 x - a potion of attraction
 z - 5 potions of curing
 A - 2 potions of lignification
 E - 3 potions of resistance
 H - a potion of might
 N - 3 potions of flight
 O - 4 potions of ambrosia
 Z - 2 potions of haste
Miscellaneous
 k - a lightning rod (4/4)
 l - a box of beasts
 y - a tin of tremorstones (2/2)
 S - a condenser vane (inert)


   Skills:
 + Level 18.9(23.9) Fighting
 * Level 18.4(23.4) Maces & Flails
 - Level 2.0(7.0) Throwing
 - Level 10.0(15.0) Armour
 - Level 4.0(9.0) Dodging
 - Level 3.7(8.7) Stealth
 - Level 8.0 Invocations
 - Level 3.0 Evocations


You had 15 spell levels left.
You didn't know any spells.
Your spell library contained the following spells:

 Spells                   Type           Power        Failure   Level
 Animate Skeleton         Necr           0%           36%         1
 Apportation              Tloc           0%           36%         1
 Beastly Appendage        Tmut           0%           36%         1
 Corona                   Hex            0%           36%         1
 Pain                     Necr           0%           36%         1
 Shock                    Conj/Air       0%           36%         1
 Summon Small Mammal      Summ           0%           36%         1
 Swiftness                Air            0%           52%         2
 Wereblood                Tmut           0%           52%         2
 Spider Form              Tmut/Pois      0%           75%         3
 Static Discharge         Conj/Air       0%           75%         3
 Airstrike                Air            0%           98%         4
 Animate Armour           Summ/Erth      0%           98%         4
 Animate Dead             Necr           0%           98%         4
 Ice Form                 Ice/Tmut       0%           98%         4
 Leda's Liquefaction      Hex/Erth       0%           98%         4
 Summon Lightning Spire   Summ/Air       0%           98%         4
 Blade Hands              Tmut           0%           100%        5
 Borgnjor's Vile Clutch   Necr/Erth      0%           100%        5
 Lee's Rapid Deconstruct  Erth           0%           100%        5
 Lightning Bolt           Conj/Air       0%           100%        5
 Silence                  Hex/Air        0%           100%        5
 Conjure Ball Lightning   Conj/Air       0%           100%        6
 Death Channel            Necr           0%           100%        6
 Simulacrum               Ice/Necr       0%           100%        6
 Tornado                  Air            0%           100%        9


Dungeon Overview and Level Annotations

Branches:
Dungeon (15/15)            Temple (0/1) D:7            Lair (6/6) D:10
  Swamp (2/4) Lair:4        Snake (1/4) Lair:2        Slime (0/5) Lair:5
    Orc (2/2) D:11            Elf (0/3) Orc:2        Vaults (0/5) D:14
 Depths (0/5) D:15          IceCv (visited)

Altars:
Ashenzari
Cheibriados
Dithmenos
Elyvilon
Hepliaklqana
Kikubaaqudgha
Nemelex Xobeh
Okawaru
Xom
Yredelemnul

Shops:
D:6 *[   D:11 [   D:15 [   Orc:2 [[**

Annotations:
D:3 2 transporters, Menkaure
Lair:2 exclusion: 4 oklob plants


Innate Abilities, Weirdness & Mutations

You are too large for most types of armour.
You have tough skin. (AC +1)


Message History

a cursed +0 halberd; a +0 robe; a naga corpse You hit the naga but do no damage.
You are more poisoned.
The naga sharpshooter casts a spell.
The naga sharpshooter magically shoots a bolt.
The bolt hits you but does no damage.
The salamander hits you from afar with a cursed -2 halberd!
* * * LOW HITPOINT WARNING * * *
You are engulfed in flames.
You resist.
* * * LOW HITPOINT WARNING * * *
The naga's grasp on you weakens, but your attempt to escape fails.
You feel sick.
* * * LOW HITPOINT WARNING * * *
The naga hits you with a +0 glaive!
* * * LOW HITPOINT WARNING * * *
x2 The naga constricts you.
The salamander hits you from afar with a cursed -2 halberd.
* * * LOW HITPOINT WARNING * * *
You are engulfed in flames.
You resist.
You die...

#### ##### ....
####...# ..NN. +..#.#.#
.N..N ##(#.#.# ...)..
#@#.#.# ######
#.....##N#.#.# #....#
#...NNN#.#.#### #....#
#.....N'.#....# #....#
#......######.###....##
#############.#........
......................
##).....#........
#......#########


You could see a naga sharpshooter, a salamander, a naga ritualist (toxic aura),
a naga and a friendly +3 spectral giant spiked club (summoned).

Vanquished Creatures
  A sphinx (D:13)
  An orc warlord (Orc:1)
  2 bunyips
  A bunyip (shapeshifter) (D:15)
  Azrael (D:15)
  An ettin (D:13)
  Fannar (Orc:1)
  A shambling mangrove (Swamp:1)
  Harold (D:9)
  5 naga warriors
  4 boulder beetles
  7 hydras
  A merfolk avatar (Lair:6)
  A centaur warrior (D:15)
  3 ogre magi
  An anaconda (Snake:1)
  15 two-headed ogres
  A two-headed ogre (shapeshifter) (D:15)
  3 alligators
  Urug (D:12)
  Sonja (Lair:6)
  A fire crab (Lair:1)
  4 skeletal warriors
  2 spriggan druids
  A glowing orange brain (D:15)
  2 deep trolls
  3 unseen horrors
  3 swamp dragons
  2 sea snakes (Snake:1)
  3 bog bodies
  A necromancer (IceCv)
  2 orc knights
  A deep elf pyromancer (D:12)
  2 wolf spider zombies
  An orc sorcerer (Orc:2)
  2 mana vipers (Snake:1)
  2 will-o-the-wisps
  5 cyclopes
  2 salamanders (Snake:1)
  A salamander (shapeshifter) (D:15)
  5 ugly things
  4 manticores
  4 elephants
  4 guardian serpents (Snake:1)
  5 naga magi (Snake:1)
  2 ice statues (IceCv)
  A torpor snail (Lair:6)
  A black mamba (Snake:1)
  2 gargoyles
  16 cane toads
  6 centaur skeletons
  A yaktaur (shapeshifter) (D:15)
  5 rime drakes
  A kobold demonologist (D:13)
  4 yaktaurs (D:14)
  17 komodo dragons
  2 trolls (shapeshifter) (D:15)
  8 ice devils (IceCv)
  16 trolls
  2 wind drakes (Lair:6)
  7 tyrant leeches
  10 polar bears
  A harpy skeleton (D:15)
  5 hornets
  A bloated husk (Swamp:1)
  7 slime creatures (D:15)
  20 blink frogs
  2 shadows
  3 wraiths
  10 wyverns
  3 centaur simulacra
  3 fire elementals (D:15)
  4 spriggans
  A basilisk (shapeshifter) (D:15)
  24 yaks
  3 basilisks
  6 vampire mosquitoes (Swamp:1)
  3 wargs
  11 swamp worms
  10 nagas (Snake:1)
  3 hell hounds (D:15)
  22 water moccasins
  19 orc warriors
  A black bear (Lair:3)
  2 swamp drakes
  12 ice beasts
  3 phantoms
  A hornet zombie (D:14)
  3 eyes of draining
  8 sky beasts
  29 ogres
  15 wolves
  13 centaurs
  5 big kobolds
  24 bullfrogs
  A wyvern zombie (D:6)
  2 wyvern skeletons
  7 scorpions
  14 killer bees
  24 wights
  8 electric eels
  8 howler monkeys
  A centaur zombie (D:12)
  3 quasits
  2 draconian simulacra (IceCv)
  8 jellies
  A gnoll shaman (D:5)
  3 hounds
  18 orc priests
  3 bullfrog skeletons
  Crazy Yiuf (D:7)
  2 iguanas
  23 orc wizards
  14 hell rats (Lair:3)
  3 spriggan simulacra (IceCv)
  9 worker ants
  2 killer bee zombies
  2 bullfrog simulacra (D:11)
  A hound skeleton (D:8)
  2 worker ant zombies
  8 gnolls
  16 adders
  4 naga simulacra (IceCv)
  An ogre simulacrum (IceCv)
  11 river rats (Lair:3)
  A shadow imp (D:5)
  5 white imps
  2 ufetubi
  3 oozes (Lair:5)
  2 adder skeletons
  2 worms
  6 dart slugs
  11 leopard geckos
  62 orcs
  16 bats
  8 giant cockroaches
  4 goblins (D:1)
  8 hobgoblins
  10 jackals
  26 kobolds
  9 quokkas
  2 ball pythons (D:3)
  7 frilled lizards
  A leopard gecko skeleton (D:5)
  A quokka skeleton (D:7)
  24 rats
905 creatures vanquished.

Vanquished Creatures (others)
  A bloated husk (Swamp:2)
  A swamp worm (Swamp:1)
  2 orcs (D:11)
  4 foxfires
  10 fungi
  83 plants
101 creatures vanquished.

Grand Total: 1006 creatures vanquished

Notes
Turn   | Place    | Note
-------+----------+-------------------------------------------
     0 | D:5      | GordonOverkill the Ogre Delver began the quest for the Orb.
     0 | D:5      | Reached XP level 1. HP: 24/24 MP: 1/1
    17 | D:5      | Noticed a troll
    64 | D:5      | Noticed a sky beast
    79 | D:4      | Noticed a phantom
    87 | D:4      | Noticed a worker ant
    91 | D:3      | Found an ancient bone altar of Kikubaaqudgha.
   238 | D:3      | Found a transporter.
   247 | D:3      | Reached XP level 2. HP: 28/33 MP: 2/2
   288 | D:3      | Found a transporter.
   312 | D:3      | Found a shimmering altar of Xom.
   313 | D:3      | Found a hazy altar of Hepliaklqana.
   314 | D:3      | Noticed a spectral ugly thing
   929 | D:3      | Reached XP level 3. HP: 36/41 MP: 3/3
  1724 | D:2      | Reached skill level 5 in Fighting
  2650 | D:1      | Found a sparkling altar of Nemelex Xobeh.
  2762 | D:1      | Reached XP level 4. HP: 50/50 MP: 4/4
  3956 | D:3      | Reached XP level 5. HP: 53/59 MP: 5/5
  4085 | D:3      | Noticed Menkaure
  4088 | D:3      | Found a basalt altar of Yredelemnul.
  4460 | D:3      | Reached skill level 1 in Throwing
  4667 | D:3      | Killed a phantom
  4668 | D:3      | Reached XP level 6. HP: 47/68 MP: 6/6
  4880 | D:4      | Found an iron altar of Okawaru.
  5107 | D:4      | Became a worshipper of Warmaster Okawaru
  5547 | D:5      | Noticed a sky beast
  5662 | D:5      | Reached skill level 1 in Invocations
  5668 | D:5      | Reached XP level 7. HP: 29/78 MP: 6/8
  6047 | D:3      | Reached skill level 5 in Maces & Flails
  7416 | D:5      | Reached * piety under Okawaru
  7969 | D:4      | Killed a troll
  7970 | D:4      | Reached XP level 8. HP: 67/88 MP: 10/10
  9249 | D:5      | Reached skill level 1 in Armour
  9352 | D:6      | Reached ** piety under Okawaru
  9665 | D:6      | Reached XP level 9. HP: 73/97 MP: 12/12
  9672 | D:6      | Found a broken altar of Ashenzari.
  9816 | D:6      | Found Eqoink's Armour Shop.
 10038 | D:6      | Reached skill level 5 in Invocations
 10095 | D:6      | Found Fyaquito's Assorted Antiques.
 10098 | D:6      | Bought a yellow potion for 24 gold pieces
 10098 | D:6      | Bought a potion of heal wounds for 135 gold pieces
 10098 | D:6      | Bought a scroll of identify for 54 gold pieces
 10183 | D:7      | Found a staircase to the Ecumenical Temple.
 10582 | D:7      | Found a runed translucent door.
 10583 | D:7      | Noticed Crazy Yiuf
 10792 | D:7      | Killed Crazy Yiuf
 11026 | D:8      | Reached skill level 10 in Fighting
 11315 | D:8      | Reached *** piety under Okawaru
 11316 | D:8      | Reached XP level 10. HP: 63/110 MP: 10/13
 11554 | D:8      | Noticed a cyclops
 11569 | D:8      | Killed a cyclops
 12388 | D:9      | Reached skill level 10 in Maces & Flails
 12696 | D:9      | Reached **** piety under Okawaru
 12776 | D:9      | Noticed a two-headed ogre
 12794 | D:9      | Killed a two-headed ogre
 12891 | D:9      | Reached XP level 11. HP: 117/123 MP: 14/14
 13416 | D:9      | Found a shadowy altar of Dithmenos.
 13569 | D:9      | Noticed Harold
 13590 | D:9      | Killed Harold
 13946 | D:10     | Entered Level 10 of the Dungeon
 14527 | D:10     | Noticed a two-headed ogre
 14601 | D:10     | Killed a two-headed ogre
 14602 | D:10     | Reached skill level 1 in Evocations
 15868 | D:10     | Found a staircase to the Lair.
 16036 | D:11     | Noticed a cyclops
 16092 | D:11     | Found Fecuddo's Antique Armour Shoppe.
 16095 | D:11     | Found a staircase to the Orcish Mines.
 16136 | D:11     | Noticed a two-headed ogre
 16153 | D:11     | Noticed a two-headed ogre
 16162 | D:11     | Killed a two-headed ogre
 16176 | D:11     | Killed a two-headed ogre
 16181 | D:11     | Received a gift from Okawaru
 16294 | D:11     | Killed a cyclops
 16472 | D:11     | Found a frozen archway.
 16534 | IceCv    | Entered an ice cave
 16615 | IceCv    | Reached skill level 5 in Armour
 16615 | IceCv    | Reached XP level 12. HP: 59/136 MP: 13/15
 17991 | D:11     | Received a gift from Okawaru
 17992 | D:11     | Noticed a two-headed ogre
 18001 | D:11     | Killed a two-headed ogre
 18979 | Lair:1   | Entered Level 1 of the Lair of Beasts
 19614 | Lair:1   | Reached XP level 13. HP: 109/148 MP: 14/16
 20742 | Lair:2   | Found a staircase to the Snake Pit.
 21555 | Lair:3   | Reached ***** piety under Okawaru
 22176 | Lair:3   | Reached skill level 15 in Fighting
 23332 | Lair:4   | Received a gift from Okawaru
 23467 | Lair:4   | Found a staircase to the Swamp.
 24769 | Lair:5   | Reached skill level 15 in Maces & Flails
 25221 | Lair:5   | Received a gift from Okawaru
 25309 | Lair:5   | Found a staircase to the Slime Pits.
 25697 | Lair:6   | Entered Level 6 of the Lair of Beasts
 25697 | Lair:6   | Noticed Sonja
 25704 | Lair:6   | Killed Sonja
 25709 | Lair:6   | Reached XP level 14. HP: 161/161 MP: 15/18
 27939 | D:12     | Received a gift from Okawaru
 28098 | D:12     | Noticed Urug
 28108 | D:12     | Killed Urug
 28128 | D:12     | Found a snail-covered altar of Cheibriados.
 29746 | D:13     | Noticed a sphinx
 29753 | D:13     | Killed a sphinx
 30238 | D:14     | Received a gift from Okawaru
 30366 | D:14     | Found a white marble altar of Elyvilon.
 30536 | D:14     | Reached XP level 15. HP: 131/171 MP: 17/20
 30761 | D:14     | Received a gift from Okawaru
 30918 | D:14     | Identified Sif Muna's Compendium of Earthen Unholy Rituals
 30948 | D:14     | Found a gate to the Vaults.
 32222 | D:15     | Entered Level 15 of the Dungeon
 32731 | D:15     | Found Wemaeg's Specialty Armours.
 32833 | D:15     | Noticed Azrael
 32862 | D:15     | Killed Azrael
 32862 | D:15     | Received a gift from Okawaru
 32862 | D:15     | Reached ****** piety under Okawaru
 32953 | D:15     | Got a jewelled kite shield {god gift}
 32954 | D:15     | Identified the +0 kite shield of Aghaalophe {rN+} (Okawaru
                  | gifted it to you on level 15 of the Dungeon)
 33101 | D:15     | Noticed a storm dragon
 33101 | D:15     | a dire elephant changed into a storm dragon
 33102 | D:15     | a storm dragon changed into an eight-headed hydra
 33182 | D:15     | Found a staircase to the Depths.
 33507 | Snake:1  | Entered Level 1 of the Snake Pit
 33579 | Orc:1    | Entered Level 1 of the Orcish Mines
 33898 | Orc:1    | Noticed Fannar
 33907 | Orc:1    | Killed Fannar
 34256 | Orc:2    | Entered Level 2 of the Orcish Mines
 34258 | Orc:2    | Found Duumof's Armour Emporium.
 34260 | Orc:2    | Found Sukkehu's Assorted Antiques.
 35052 | Orc:2    | Found Wurr's Antique Armour Emporium.
 35052 | Orc:2    | Noticed an orc warlord
 35136 | Orc:1    | Killed an orc warlord
 35137 | Orc:1    | Reached XP level 16. HP: 145/185 MP: 19/22
 35631 | Orc:2    | Found a staircase to the Elven Halls.
 35632 | Orc:2    | Found Vaemm's Assorted Antiques.
 35719 | Orc:2    | Bought a scroll of brand weapon for 580 gold pieces
 35920 | Orc:2    | Received a gift from Okawaru
 36410 | Orc:2    | Bought a potion of mutation for 232 gold pieces
 36410 | Orc:2    | Bought a potion of mutation for 232 gold pieces
 36569 | D:6      | Bought a scroll of fog for 54 gold pieces
 36569 | D:6      | Bought a potion of mutation for 216 gold pieces
 36694 | Orc:2    | Bought a wand of digging (5) for 224 gold pieces
 36694 | Orc:2    | Bought a potion of berserk rage for 140 gold pieces
 36694 | Orc:2    | Bought a scroll of magic mapping for 98 gold pieces
 36694 | Orc:2    | Bought a scroll of identify for 56 gold pieces
 36694 | Orc:2    | Bought a scroll of fog for 56 gold pieces
 36694 | Orc:2    | Bought an encrusted ruby ring for 140 gold pieces
 36694 | Orc:2    | Bought a scroll of magic mapping for 98 gold pieces
 36842 | Swamp:1  | Entered Level 1 of the Swamp
 38919 | Swamp:1  | Received a gift from Okawaru
 39092 | Swamp:2  | Identified a scroll of acquirement
 39093 | Swamp:2  | Acquired the ring "Acout" {rPois rF++ rN+ Str-3 Stlth+}
 39853 | Snake:1  | Received a gift from Okawaru
 40222 | Snake:1  | Reached skill level 10 in Armour
 40250 | Snake:1  | Received a gift from Okawaru
 40628 | Snake:1  | HP: 9/188 [naga/+0 glaive (3)]
 40628 | Snake:1  | HP: 4/188 [salamander/cursed -2 halberd (5)]
 40628 | Snake:1  | Slain by a salamander

Illustrated notes

Levels and vault maps discovered:
D:1:      psy_arrival_whirlpool, layout_loops_ring, hangedman_decor_lopped,
          nemelex_xobeh_ov_fountains_minmay
D:2:      layout_basic, minmay_vboxes
D:3:      layout_loops_ring, regret_index_temple_of_mockery,
          gammafunk_temple_of_torment, serial_bayou_pond_a
D:4:      layout_rooms, marbit_many_paths
D:5:      layout_cave_pools, hangedman_minor_gate_pass
D:6:      hangedman_cross_stitches, layout_rooms, ashenzari_altar_1,
          serial_shops, shop, kennysheep_mini_moat
D:7:      layout_rooms, minmay_temple_entry_junction, uniq_crazy_yiuf_cottage
D:8:      layout_loops_ring, grunt_potential
D:9:      layout_stronghold, kennysheep_mini, uniq_harold
D:10:     layout_cave_pods, erik_lair_orcish_takeover, minmay_crystal_room
D:11:     layout_roguey, david_orc_2, serial_shops, shop, serial_ice,
          serial_ice_j, serial_ice_h, serial_ice_c, serial_ice_b, serial_ice_f,
          serial_ice_m, serial_ice_e, serial_ice_d,
          portal_ice_cave_entry_pillars_1
D:12:     layout_stronghold, cheibriados_altar_1, uniq_urug
D:13:     minmay_mutant_horseshoe, layout_basic
D:14:     layout_gridville, hangedman_vaults_entry_quadrant_bands,
          elyvilon_altar_1
D:15:     gammafunk_enter_depths_forms, layout_basic,
          minmay_misc_feat_diagonals, nicolae_barding_shop, uniq_azrael
Lair:1:   layout_hall_layers, serial_bayou_shore_b
Lair:2:   layout_roguey, guppyfry_snake_entry_island, serial_bayou_shore_b,
          serial_bayou_shore_b, grunt_megastairs_3, minmay_lair_oklob_chamber
Lair:3:   lemuel_ratsnest, layout_cave_pods, grunt_forest_stairs_clearing,
          grunt_megastairs_4, infiniplex_staircase_pool_2
Lair:4:   layout_gridlike, skrybe_swamp_entry_bodies, lemuel_fruit_tree
Lair:5:   layout_gridlike, nicolae_slime_entry_slimehenge, beast_lair_carwin_5,
          serial_bayou_shore_b
Lair:6:   gammafunk_lair_ancient_temple, layout_cave_pods, serial_bayou_pond_a,
          chequers_serial_rivers_micro_e, cheibrodos_lair_lostbears, uniq_sonja
Swamp:1:  layout_falls_marsh, evilmike_swamp_ruin_house_1
Swamp:2:  layout_basic_swamp, serial_swamp_ruin, evilmike_swamp_ruin_house_5,
          evilmike_swamp_ruin_rubble_1, evilmike_swamp_ruin_house_4,
          swamp_pool5, st_swamp_ruins_3, infiniplex_staircase_pool
Snake:1:  layout_basic, special_room, serial_bayou_lake_a
Orc:1:    layout_caves, uniq_fannar
Orc:2:    st_orc_open, layout_caves, roderic_batcave

Skill      XL: |  1  2  3  4  5  6  7  8  9 10 11 12 13 14 15 16 |
---------------+-------------------------------------------------+-----
Maces & Flails | 2 3 4 6 7 8 10 12 13 15 16 17 18 | 18.4
Fighting       | 5 6 7 8 10 11 13 14 15 16 17 18 | 18.9
Throwing       | 2 |  2.0
Invocations    | 1 3 4 5 7 8 |  8.0
Armour         | 2 3 4 5 6 7 9 10 | 10.0
Dodging        | 3 4 |  4.0
Evocations     | 2 3 |  3.0
Stealth        | |  3.7

Action                   |  1- 3 |  4- 6 |  7- 9 | 10-12 | 13-15 | 16-18 || total
-------------------------+-------+-------+-------+-------+-------+-------++-------
Melee: Mace              |   123 |    40 |       |       |       |       ||   163
       Flail             |       |    97 |   396 |   934 |    34 |       ||  1461
       Punch             |       |       |     2 |    15 |       |       ||    17
       Dire flail        |       |       |       |       |   477 |       ||   477
       Giant spiked club |       |       |       |       |   637 |   392 ||  1029
Throw: Stone             |    30 |    26 |     9 |       |     7 |       ||    72
       Dart              |       |    44 |   121 |    21 |     2 |       ||   188
       Boomerang         |       |    13 |    23 |       |    13 |       ||    49
       Throwing net      |       |       |       |     1 |     1 |       ||     2
       Large rock        |       |       |       |    24 |    35 |       ||    59
Invok: Heroism           |       |       |    11 |    58 |    60 |    18 ||   147
       Finesse           |       |       |       |       |     5 |       ||     5
Evoke: Wand              |       |       |       |     2 |     3 |       ||     5
       Tin of tremorston |       |       |       |       |     2 |       ||     2
       Condenser vane    |       |       |       |       |     1 |     1 ||     2
       Box of beasts     |       |       |       |       |       |     1 ||     1
  Use: Scroll            |     1 |     6 |     5 |    10 |    23 |     5 ||    50
       Potion            |     1 |     1 |     2 |     3 |     2 |     5 ||    14
 Stab: Sleeping          |     5 |     4 |       |     6 |    14 |       ||    29
       Paralysed         |       |       |       |     3 |     2 |       ||     5
       Distracted        |       |       |       |     3 |     1 |     1 ||     5
       Held in net/web   |       |       |       |       |     1 |       ||     1
Armor: Robe              |    36 |    45 |    52 |       |       |       ||   133
       Skin              |       |       |    61 |    15 |       |       ||    76
       Troll leather arm |       |       |   127 |   325 |   243 |   137 ||   832
Dodge: Dodged            |    67 |    74 |   275 |   553 |   713 |   231 ||  1913
Block: Other             |       |       |       |       |   137 |    86 ||   223
       Reflection        |       |       |       |       |     5 |     3 ||     8

Table legend: (Time is in decaauts)
 A = Elapsed time spent in this place.
 B = Non-inter-level travel time spent in this place.
 C = Inter-level travel time spent in this place.
 D = Time resting spent in this place.
 E = Time spent auto-exploring this place.
 F = Levels seen in this place.
 G = Mean time per level.
                   A        B        C        D        E       F      G
               +--------+--------+--------+--------+--------+-----+--------+
         Total |  40335 |  37782 |   2553 |  14056 |  14792 |  27 | 1493.9 |
       Dungeon |  23767 |  22092 |   1675 |   7888 |   8467 |  15 | 1584.5 |
          Lair |   9260 |   8643 |    617 |   2948 |   4081 |   6 | 1543.3 |
         Swamp |   2440 |   2332 |    108 |   1358 |    547 |   2 | 1220.0 |
     Snake Pit |   1024 |   1024 |      0 |    469 |    322 |   1 | 1024.0 |
  Orcish Mines |   2511 |   2360 |    151 |    598 |   1283 |   2 | 1255.5 |
      Ice Cave |   1330 |   1330 |      0 |    794 |     90 |   1 | 1330.0 |
               +--------+--------+--------+--------+--------+-----+--------+

Top non-repeatable levels by time:
     D:3: 2471 daAuts
     D:4: 2247 daAuts
 Swamp:1: 2068 daAuts
     D:5: 2015 daAuts
    D:10: 2002 daAuts
    D:14: 1987 daAuts
     D:9: 1936 daAuts
    D:11: 1885 daAuts
  Lair:6: 1745 daAuts
  Lair:4: 1728 daAuts
  Lair:3: 1726 daAuts
     D:2: 1570 daAuts
   Orc:1: 1512 daAuts
  Lair:5: 1403 daAuts
    D:13: 1397 daAuts
